 Dungeon Crawl Stone Soup version 0.24-a0-245-gb50751227d (webtiles) character file.

Game seed: 4822020174550092684

53 Redear the Skirmisher (level 3, 0/28 HPs)
             Began as a Demonspawn Warper on Apr 12, 2019.
             Slain by a kobold
             ... wielding a +0 whip
              (3 damage)
             ... on level 2 of the Dungeon.
             The game lasted 00:04:12 (1523 turns).

Redear the Skirmisher (Demonspawn Warper)           Turns: 1523, Time: 00:04:12

Health: 0/28       AC:  8    Str: 11    XL:     3   Next: 64%
Magic:  6/6        EV: 11    Int: 14    God:
Gold:   50         SH:  0    Dex: 13    Spells: 6/6 levels left

rFire    . . .     SeeInvis .   h - +0 short sword (venom)
rCold    + . .     Gourm    .   (no shield)
rNeg     . . .     Faith    .   f - +1 ring mail {rC+} {rC+}
rPois    .         Spirit   .   (no helmet)
rElec    .         Reflect  .   (no cloak)
rCorr    .         Harm     .   (no gloves)
MR       .....                  (no boots)
Stlth    +.........             (no amulet)
HPRegen  0.09/turn              (no ring)
MPRegen  0.10/turn              (no ring)

@: very slightly contaminated, starving
A: icy blue scales 1, powered by pain 1
a: no special abilities


You were on level 2 of the Dungeon.
You were starving.

You visited 1 branch of the dungeon, and saw 2 of its levels.

You collected 50 gold pieces.

Inventory:

Hand Weapons
 a - a +0 falchion
 h - a +0 short sword of venom (weapon)
Missiles
 e - 5 tomahawks of dispersal (quivered)
Armour
 b - a +0 leather armour
 f - a +1 ring mail of cold resistance (worn) {rC+}
Jewellery
 i - an uncursed ring of protection from fire {unknown}
Scrolls
 c - a scroll of enchant weapon
 d - a scroll of teleportation {unknown}
 R - a scroll of identify {@r1}
Comestibles
 z - 3 rations


   Skills:
 + Level 2.8 Fighting
 + Level 2.5 Long Blades
 - Level 0.8 Throwing
 - Level 0.8 Armour
 + Level 2.5 Dodging
 - Level 2.0 Spellcasting
   Level 2.6 Translocations


You had 6 spell levels left.
You didn't know any spells.
Your spell library contained the following spells:

 Spells                   Type           Power        Failure   Level  Hunger
 Blink                    Tloc           N/A          28%         2    ###....
 Shroud of Golubria       Chrm/Tloc      #.........   45%         2    ###....
 Gell's Gravitas          Tloc           #.........   50%         3    ####...
 Lesser Beckoning         Tloc           #.........   50%         3    ####...
 Teleport Other           Tloc           #.......     50%         3    ####...
 Passage of Golubria      Tloc           N/A          88%         4    #####..


Dungeon Overview and Level Annotations

Branches:
Dungeon (2/15)

Altars:


Innate Abilities, Weirdness & Mutations

You are partially covered in icy blue scales. (AC +2)
You sometimes gain a little power by taking damage.


Message History

You see here a scroll labeled WEZU ODIUBAMUDD.
Unknown command.
Found 7 stones and a mace.
Found a stone staircase leading up.
The quokka twitches its whiskers.
Found a ration.
You see here a ration.
You aren't carrying any potions.
Unknown command.
As you read the scroll labeled YDOGOA SUNI, it crumbles to dust.
It is a scroll of identify.
c - a scroll of enchant weapon;
R - a scroll of identify You closely miss the kobold.
The kobold misses you.
You closely miss the kobold. The kobold barely misses you.
You barely miss the kobold. The kobold hits you but does no damage.
You closely miss the kobold. The kobold hits you but does no damage.
Wield which item (- for none, * to show all)? (? for menu, Esc to quit)
Your +0 short sword of venom begins to drip with poison!
h - a +0 short sword of venom (weapon)
The kobold hits you with a +0 whip.
You die...

###### ####....#
###########........
#.@Khsr.........)..
#+#########(.......
#...####. #...#..?.
...###K##r
###.###.##. ...
.K.<. ######h##.
#ยง###


You could see a quokka, a jackal, a giant cockroach and a kobold.

Vanquished Creatures
  An adder (D:2)
  An ooze (D:1)
  A leopard gecko (D:1)
  3 giant cockroaches (D:1)
  3 goblins
  7 hobgoblins (D:1)
  7 jackals
  2 kobolds (D:1)
  6 bats
  2 frilled lizards (D:1)
  3 rats (D:1)
36 creatures vanquished.

Notes
Turn   | Place    | Note
-------+----------+-------------------------------------------
     0 | D:1      | Redear the Demonspawn Warper began the quest for the Orb.
     0 | D:1      | Reached XP level 1. HP: 16/16 MP: 3/3
   106 | D:1      | Reached skill level 2 in Dodging
   116 | D:1      | Reached skill level 2 in Long Blades
   427 | D:1      | Gained mutation: You are partially covered in icy blue
                  | scales. (AC +2) [demonic ancestry]
   427 | D:1      | Reached XP level 2. HP: 20/22 MP: 5/5
  1029 | D:1      | Gained mutation: You sometimes gain a little power by
                  | taking damage. [demonic ancestry]
  1029 | D:1      | Reached XP level 3. HP: 23/28 MP: 6/6
  1498 | D:2      | HP: 2/28 [kobold/+0 whip (2)]
  1523 | D:2      | Slain by a kobold

Levels and vault maps discovered:
D:1:      psy_arrival_basics, layout_basic
D:2:      minmay_kobold_bridge, layout_basic, first_ration

Skill      XL: |  1 |
---------------+----+-----
Dodging        | 2 |  2.5
Long Blades    | 2 |  2.5
Fighting       | |  2.8
Throwing       | |  0.8
Armour         | |  0.8
Spellcasting   | |  2.0
Translocations | |  2.6

Action                   || total
-------------------------++-------
Melee: Falchion          ||   139
  Use: Scroll            ||     2
       Potion            ||     1
Armor: Leather armour    ||    11
       Ring mail         ||    72
Dodge: Dodged            ||   104
       Rpst.: Falchion   ||    34

Table legend:
 A = Non-vault XP
 B = Vault XP
 C = Vault XP percentage of total XP
 D = Non-vault monster count
 E = Vault monster count
 F = Vault count percentage of total count
                 A         B        C        D         E       F
            +---------+---------+-------+---------+---------+-------
      Total |      77 |       0 |   0.0 |      36 |       0 |   0.0
            +---------+---------+-------+---------+---------+-------
        D:1 |      55 |       0 |   0.0 |      30 |       0 |   0.0
        D:2 |      22 |       0 |   0.0 |       6 |       0 |   0.0
            +---------+---------+-------+---------+---------+-------
